 Dungeon Crawl Stone Soup version 0.32-a0-485-g70f7560b1c (webtiles) character file.

Game seed: 6778516780366143736

14 ezpacito the Trooper (level 2, -1/24 HPs)
             Began as a Demonspawn Chaos Knight on Feb 26, 2024.
             Was a Plaything of Xom.
             Slain by a gnoll
             ... wielding a +0 halberd
              (12 damage)
             ... on level 2 of the Dungeon.
             The game lasted 00:00:37 (693 turns).

ezpacito the Trooper (Demonspawn Chaos Knight)       Turns: 693, Time: 00:00:37

Health: -1/24      AC:  6    Str: 12    XL:     2   Next: 31%
Magic:  2/2        EV: 11    Int: 12    God:    Xom [..*...]
Gold:   70         SH:  0    Dex: 12    Spells: 1/1 levels left

rFire   . . .        a - +0 hand axe (chaos)
rCold   . . .        (no shield)
rNeg    . . .        b - +2 leather armour
rPois   +            (no helmet)
rElec   .            (no cloak)
rCorr   .            (no gloves)
SInv    .            k - +0 pair of boots
Will    .....        (no amulet)
Stlth   +            i - ring of poison resistance
HPRegen 0.24/turn    (no ring)
MPRegen 0.08/turn

%: no passive effects
@: no status effects
A: powered by death 1
a: Renounce Religion


You were on level 2 of the Dungeon.
You worshipped Xom.
You were a toy of Xom.
You visited 1 branch of the dungeon, and saw 2 of its levels.

You collected 70 gold pieces.

Inventory:

Hand Weapons
 a - a +0 hand axe of chaos (weapon)
Armour
 b - a +2 leather armour (worn)
 k - a +0 pair of boots (worn)
Jewellery
 i - a ring of poison resistance (left hand)
Scrolls
 f - a scroll of torment {unknown}
 g - 2 scrolls of vulnerability {unknown}
 h - a scroll of noise {unknown}
 j - a scroll of teleportation {unknown}
Potions
 d - 2 potions of heal wounds {unknown}
 e - a potion of mutation {unknown}


   Skills:
 * Level 3.1 Fighting
 * Level 2.7(2.8) Axes
 + Level 0.1(1.6) Polearms
 * Level 2.0 Armour
 * Level 1.1 Dodging
 + Level 0.1 Stealth
 * Level 0.4 Unarmed Combat
 * Level 0.4 Spellcasting


You had one spell level left.
You didn't know any spells.
Your spell library contained the following spells:

 Spells                   Type           Power      Damage    Failure   Level
 Magic Dart               Conj           0%         1d3       38%         1
 Searing Ray              Conj           0%         2d4       52%         2
 Gell's Gravitas          Tloc           0%         N/A       77%         3
 Teleport Other           Tloc           0%         N/A       77%         3
 Fulminant Prism          Conj/Alch      0%         3d5       99%         4
 Dispersal                Tloc           0%         N/A       100%        6


Dungeon Overview and Level Annotations

Branches:
Dungeon (2/15)

Altars:


Innate Abilities, Weirdness & Mutations

You regenerate a little health from kills.


Message History

You climb downwards.
The jelly quivers.
The gnoll shouts! x2; The hobgoblin shouts!
The kobold shouts!
You hear a shout!
Found a scale mail and a ring mail.
There is a stone staircase leading up here.
There are monsters nearby!
Okay, then.
You climb upwards.
There is a stone staircase leading down here.
Nothing quivered!
i - a ring of poison resistance (left hand)
You climb downwards.
The jelly hits you but does no damage. The gnoll misses you.
The kobold hits you with a +0 short sword.
The gnoll hits you with a +0 flail!
There is a stone staircase leading up, spattered with blood here.
The jelly hits you but does no damage. The gnoll hits you with a +0 whip.
The gnoll hits you but does no damage. The kobold barely misses you.
You climb upwards.
There is a stone staircase leading down here.
As you read the scroll of butterflies, it crumbles to dust.
You hear the flapping of tiny wings.
The gnoll is knocked back by the sudden gust.
The jelly is knocked back by the sudden gust.
The kobold is knocked back by the sudden gust.
The gnoll is knocked back by the sudden gust.
Unknown command.
The gnoll misses your butterfly. The kobold misses your butterfly.
You climb downwards.
Your summoned allies are left behind.
The hobgoblin closely misses you.
The gnoll hits you from afar with a +0 halberd.
The hobgoblin hits you but does no damage.
There is a stone staircase leading up, spattered with blood here.
Okay, then.
Found 2 scrolls labelled YDDUUCISTE.
Xom almost notices you.
A monocle briefly appears over your right eye.
The gnoll hits you with a +0 halberd!
Ouch! That really hurt!
You die...

#..........
#..........
#..........
#..........
#..........
#..........
######g.........
.......<@g......
................
....[...##......
........# .##..?
........# # ##
........#
........#
...[.....


You could see a gnoll and a hobgoblin.

Vanquished Creatures
  2 bats (D:1)
  2 endoplasms (D:1)
  2 giant cockroaches (D:1)
  A goblin (D:1)
  A hobgoblin (D:1)
  A quokka (D:1)
  2 ball pythons (D:1)
  A kobold (D:1)
12 creatures vanquished.

Notes
Turn   | Place    | Note
-------+----------+-------------------------------------------
     0 | D:1      | ezpacito the Demonspawn Chaos Knight began the quest for
                  | the Orb.
     0 | D:1      | Reached XP level 1. HP: 18/18 MP: 1/1
    85 | D:1      | Reached skill level 1 in Dodging
   169 | D:1      | Gained mutation: You regenerate a little health from kills.
                  | [demonic ancestry]
   169 | D:1      | Reached XP level 2. HP: 23/24 MP: 2/2
   193 | D:1      | XOM: noise
   271 | D:1      | XOM: noise
   693 | D:2      | XOM: silly message
   693 | D:2      | Slain by a gnoll

Illustrated notes

Levels and vault maps discovered:
D:1:      dpeg_arrival_arbitrary_a, layout_basic
D:2:      layout_basic, basic_altar, uniq_terence

Skill      XL: |  1  2 |
---------------+-------+-----
Dodging        | 1 |  1.1
Armour         | 2 |  2.0
Fighting       | |  3.1
Axes           | |  2.7
Polearms       | |  0.1
Stealth        | |  0.1
Unarmed Combat | |  0.4
Spellcasting   | |  0.4

Action                     || total
---------------------------++-------
  Melee: Hand axe          ||    48
    Use: Scroll            ||     1
 Armour: Leather armour    ||    36
  Dodge: Dodged            ||    35

Table legend: (Time is in decaauts)
 A = Elapsed time spent in this place.
 B = Non-inter-level travel time spent in this place.
 C = Inter-level travel time spent in this place.
 D = Time resting spent in this place.
 E = Time spent auto-exploring this place.
 F = Levels seen in this place.
 G = Mean time per level.
                   A        B        C        D        E       F      G
               +--------+--------+--------+--------+--------+-----+--------+
         Total |    702 |    690 |     12 |      0 |    553 |   2 |  351.0 |
       Dungeon |    702 |    690 |     12 |      0 |    553 |   2 |  351.0 |
               +--------+--------+--------+--------+--------+-----+--------+

Top non-repeatable levels by time:
     D:1: 696 daAuts
     D:2: 5 daAuts
